 Dungeon Crawl Stone Soup version 0.23.2-33-g5129a83184 (webtiles) character file.

Game seed: 18024340627160847598

2072 KapersCrawl the Covert (level 9, -4/41 HPs)
             Began as a Spriggan Enchanter on July 20, 2019.
             Was a Follower of Wu Jian.
             Shot with a sling bullet by Joseph (23 damage)
             ... on level 7 of the Dungeon.
             The game lasted 00:34:20 (8866 turns).

KapersCrawl the Covert (Spriggan Enchanter)         Turns: 8866, Time: 00:34:21

Health: -4/41      AC:  2    Str:  4      XL:     9   Next: 5%
Magic:  15/18      EV: 23    Int: 19      God:    Wu Jian [*.....]
Gold:   254        SH:  4    Dex: 14 (17) Spells: 13/19 levels left

rFire    . . .     SeeInvis +   x - +0 rapier
rCold    . . .     Gourm    .   (shield restricted)
rNeg     . . .     Faith    .   b - +0 robe
rPois    .         Spirit   .   (helmet restricted)
rElec    .         Reflect  +   (no cloak)
rCorr    .         Harm     .   (gloves unavailable)
MR       +....                  (boots unavailable)
Stlth    +++++.....             c - +4 amulet of reflection
HPRegen  0.13/turn              o - ring of wizardry
MPRegen  0.16/turn              g - ring of stealth

@: very quick
A: very small, unfitting armour, see invisible, herbivore, speed 3, slow
metabolism 2
a: Renounce Religion


You were on level 7 of the Dungeon.
You worshipped Wu Jian.
Wu Jian was aware of your devotion.
You were not hungry.

You visited 2 branches of the dungeon, and saw 8 of its levels.

You collected 254 gold pieces.

Inventory:

Hand Weapons
 n - a +0 hunting sling
 q - a +2 dagger
 w - a +0 blowgun
 x - a +0 rapier (weapon)
Missiles
 h - 246 stones
 m - 5 tomahawks (quivered)
 p - 21 poisoned needles
Armour
 b - a +0 robe (worn)
Jewellery
 c - a +4 amulet of reflection (around neck)
 g - a ring of stealth (right hand)
 o - a ring of wizardry (left hand)
Scrolls
 a - 2 scrolls of blinking {unknown}
 i - 2 scrolls of remove curse
 k - a scroll of fear {unknown}
 l - a scroll of amnesia {unknown}
 u - a scroll of magic mapping
 y - a scroll of fog {unknown}
Potions
 e - a potion of might
 f - 5 potions of curing
 j - a potion of agility
 r - 2 potions of flight
 s - a potion of ambrosia
 t - a potion of lignification {unknown}
 v - 3 potions of mutation
 z - a potion of magic {unknown}
 A - a potion of brilliance {unknown}
Comestibles
 d - 4 rations


   Skills:
 - Level 1.0 Fighting
 + Level 5.9 Short Blades
 + Level 8.1 Dodging
 + Level 9.2 Stealth
 - Level 5.8 Spellcasting
 + Level 7.3 Hexes
 - Level 2.0 Ice Magic


You had 13 spell levels left.
You knew the following spells:

 Your Spells              Type           Power        Failure   Level  Hunger
a - Corona                Hex            ####...      1%          1    None
b - Ensorcelled Hibernat  Hex/Ice        ###...       1%          2    None
c - Tukima's Dance        Hex            ####....     1%          3    ##.....

Your spell library contained the following spells:

 Spells                   Type           Power        Failure   Level  Hunger
 Confuse                  Hex            ####....     1%          3    ##.....
 Dazzling Spray           Conj/Hex       ###...       3%          3    ##.....
 Sting                    Conj/Pois      #...         4%          1    None
 Poisonous Vapours        Pois/Air       #.....       7%          2    None
 Mephitic Cloud           Conj/Pois/Air  #.......     14%         3    ##.....
 Olgreb's Toxic Radiance  Pois           #.......     41%         4    ####...
 Venom Bolt               Conj/Pois      #.........   75%         5    #####..


Dungeon Overview and Level Annotations

Branches:
Dungeon (7/15)             Temple (1/1) D:6

Altars:
Ashenzari
Cheibriados
Dithmenos
Elyvilon
Fedhas
Hepliaklqana
Kikubaaqudgha
Makhleb
Okawaru
Qazlal
Ru
Sif Muna
Trog
Uskayaw
Wu Jian
Xom
Yredelemnul
Zin
The Shining One

Annotations:
D:3 2 transporters
D:7 Joseph, Menkaure


Innate Abilities, Weirdness & Mutations

You are very small and have problems with some larger weapons.
You are too small for most types of armour.
You have supernaturally acute eyesight. (SInv)
You are a herbivore.
You cover ground extremely quickly.
You need to consume almost no food.


Message History

Aiming: Ensorcelled Hibernation (safe; 1% risk of failure)
Press: ? - help, Shift-Dir - straight line, f/p - Joseph
Aim: Joseph, wearing a +0 leather armour (almost dead, not susceptible)
Okay, then.
You spin and attack Joseph.
You hit Joseph.
Joseph is almost dead.
You block Joseph's attack.
You aren't carrying any items that you can evoke.
You barely miss Joseph.
Joseph is almost dead.
You hit Joseph but do no damage.
Joseph is almost dead.
Joseph completely misses you.
You hit Joseph.
Joseph is almost dead.
Joseph hits you!
Joseph wields a +0 hunting sling.
Joseph shoots a sling bullet.
The sling bullet hits you!!
Ouch! That really hurt!
You die...

#............###.##
........
....###'#####+######
######## ...
#.....#......# ..
#.....#......# .
+............#
#....###'###.#
###..# #.# #.#######
###.###.###.#...>.#
+...###_@.@.......#
#...###.###.......#
#... #.# #.......#
...###'###.......#
#......)(.........#
##....####...######
##### #####


You could see Joseph.

Vanquished Creatures
  2 black bears
  An ice beast (D:6)
  An ogre (D:7)
  A centaur (D:6)
  3 bullfrogs
  A scorpion (D:6)
  2 crimson imps
  A quasit (D:7)
  3 hounds
  5 orc wizards
  A centaur skeleton (D:7)
  3 worker ants
  2 hound zombies
  A hound skeleton (D:5)
  4 gnolls (D:3)
  2 howler monkey skeletons (D:4)
  7 adders
  An ooze (D:3)
  A worm (D:5)
  2 dart slugs
  5 leopard geckos
  8 orcs
  5 bats
  5 giant cockroaches
  7 goblins
  8 hobgoblins
  4 jackals
  11 kobolds
  4 quokkas
  2 ball pythons
  3 frilled lizards
  A leopard gecko skeleton (D:5)
  11 rats
118 creatures vanquished.

Vanquished Creatures (collateral kills)
  A two-headed ogre (D:6)
  Edmund (D:4)
  An orc (D:4)
3 creatures vanquished.

Vanquished Creatures (others)
  2 dancing weapons
2 creatures vanquished.

Grand Total: 123 creatures vanquished

Notes
Turn   | Place    | Note
-------+----------+-------------------------------------------
     0 | D:1      | KapersCrawl the Spriggan Enchanter began the quest for the
                  | Orb.
     0 | D:1      | Reached XP level 1. HP: 9/9 MP: 5/5
   668 | D:1      | Reached XP level 2. HP: 12/13 MP: 4/6
   673 | D:1      | Learned a level 2 spell: Ensorcelled Hibernation
  1547 | D:1      | Reached XP level 3. HP: 16/16 MP: 3/8
  1552 | D:1      | Learned a level 3 spell: Tukima's Dance
  2026 | D:2      | Found a snail-covered altar of Cheibriados.
  2067 | D:2      | Reached skill level 5 in Stealth
  2458 | D:2      | Reached XP level 4. HP: 14/21 MP: 7/9
  2723 | D:2      | Reached skill level 1 in Ice Magic
  3771 | D:3      | Reached XP level 5. HP: 24/24 MP: 5/10
  3871 | D:3      | Found a glowing golden altar of the Shining One.
  4219 | D:3      | Found a transporter.
  4220 | D:3      | Noticed a kobold demonologist
  4234 | D:3      | Found a transporter.
  4765 | D:3      | Reached skill level 6 in Stealth
  4850 | D:3      | Found a faded altar of an unknown god.
  5093 | D:4      | Noticed Edmund
  5111 | D:4      | Reached XP level 6. HP: 28/28 MP: 6/11
  5371 | D:4      | HP: 1/28 [orc wizard/magic dart (5)]
  5480 | D:4      | Reached skill level 5 in Dodging
  5480 | D:4      | Reached skill level 5 in Hexes
  5500 | D:4      | Found an ornate altar of the Wu Jian Council.
  5504 | D:4      | Became a worshipper of the Wu Jian Council
  6705 | D:4      | Killed Edmund
  6705 | D:4      | Reached skill level 1 in Fighting
  6705 | D:4      | Reached XP level 7. HP: 31/33 MP: 5/13
  6934 | D:5      | Entered Level 5 of the Dungeon
  7480 | D:6      | Reached skill level 7 in Stealth
  7564 | D:6      | Noticed a two-headed ogre
  7843 | D:6      | Reached * piety under Wu Jian
  7843 | D:6      | Reached XP level 8. HP: 37/37 MP: 14/16
  7848 | D:6      | Found a staircase to the Ecumenical Temple.
  7859 | Temple   | Entered the Ecumenical Temple
  7902 | D:6      | Found a shattered altar of Ashenzari.
  8029 | D:6      | Killed a two-headed ogre
  8029 | D:6      | Reached skill level 5 in Short Blades
  8029 | D:6      | Reached skill level 8 in Stealth
  8029 | D:6      | Reached skill level 5 in Spellcasting
  8315 | D:7      | Reached skill level 9 in Stealth
  8357 | D:7      | Reached XP level 9. HP: 41/41 MP: 16/18
  8651 | D:7      | Noticed Menkaure
  8813 | D:7      | Found a glowing golden altar of the Shining One.
  8829 | D:7      | Noticed Joseph
  8866 | D:7      | Shot with a sling bullet by Joseph

Skill      XL: |  1  2  3  4  5  6  7  8 |
---------------+-------------------------+-----
Spellcasting   | 3 4 5 |  5.8
Hexes          | 4 5 6 7 |  7.3
Stealth        | 5 6 7 9 |  9.2
Short Blades   | 2 3 4 5 |  5.9
Ice Magic      | 1 2 |  2.0
Dodging        | 4 5 6 8 |  8.1
Fighting       | 1 |  1.0

Action                   |  1- 3 |  4- 6 |  7- 9 || total
-------------------------+-------+-------+-------++-------
Melee: Dagger            |   149 |   152 |   166 ||   467
       Rapier            |       |       |    37 ||    37
Throw: Stone             |     1 |     2 |       ||     3
       Tomahawk          |       |       |     5 ||     5
 Cast: Corona            |    20 |    10 |    14 ||    44
       Ensorcelled Hiber |    27 |    65 |    28 ||   120
       Tukima's Dance    |     2 |     4 |     4 ||    10
Invok: Lunge             |       |     5 |    21 ||    26
       Whirlwind         |       |       |     6 ||     6
  Use: Scroll            |     6 |     2 |     5 ||    13
       Potion            |       |     1 |       ||     1
 Stab: Sleeping          |    20 |    35 |    25 ||    80
       Distracted        |       |       |     1 ||     1
  Eat: Ration            |       |     4 |     2 ||     6
Armor: Robe              |    20 |    11 |    15 ||    46
Dodge: Dodged            |   161 |    85 |   176 ||   422
Block: Other             |       |    12 |    46 ||    58
       Reflection        |       |       |     1 ||     1
